 Dungeon Crawl Stone Soup version 0.16.1 (webtiles) character file.

509 lorenzova the Vexing (level 6, 0/28 HPs)
             Began as a Spriggan Enchanter on Mar 23, 2015.
             Slain by a troll (13 damage)
             ... on level 4 of the Dungeon.
             The game lasted 00:06:02 (3256 turns).

lorenzova the Vexing (Spriggan Enchanter)           Turns: 3256, Time: 00:06:02

Health: 0/28       AC:  3    Str:  5    XL:     6   Next: 98%
Magic:  22/22      EV: 18    Int: 17    God:
Gold:   118        SH:  0    Dex: 17    Spells: 3 memorised, 12 levels left

rFire  . . .     SeeInvis +     a - +1 dagger
rCold  . . .     Clarity  +     b - +1 robe
rNeg   . . .     SustAb   .     (shield restricted)
rPois  .         Gourm    .     (helmet restricted)
rElec  .         Spirit   .     (no cloak)
rCorr  .         Warding  .     (gloves unavailable)
rMut   .         Stasis   .     (boots unavailable)
MR     +....                    r - amulet of clarity
Stlth  +++.......               (no ring)
                                (no ring)

@: very quick, somewhat resistant to hostile enchantments, fairly stealthy
A: unfitting armour, see invisible, herbivore 3, speed 3, slow metabolism 2
a: no special abilities


You were on level 4 of the Dungeon.
You were hungry.

You visited 1 branch of the dungeon, and saw 4 of its levels.

You collected 118 gold pieces.

Inventory:

Hand weapons
 a - a +1 dagger (weapon)
Armour
 b - a +1 robe (worn)
Jewellery
 l - an uncursed ring of fire
 r - an amulet of clarity (around neck)
Scrolls
 e - a scroll of identify
 i - 4 scrolls of remove curse {unknown}
 j - a scroll of fog {unknown}
 m - 2 scrolls of blinking {unknown}
 q - a scroll of magic mapping {unknown}
 v - a scroll of noise {unknown}
Potions
 f - a potion of agility {unknown}
 g - a potion of haste {unknown}
 h - a potion of cancellation {unknown}
 k - a potion of invisibility {unknown}
 n - 3 potions of magic {unknown}
 o - 2 potions of lignification {unknown}
 s - a potion of restore abilities {unknown}
 t - a potion of heal wounds {unknown}
 u - 2 potions of brilliance {unknown}
Books
 c - a book of Maledictions

   Spells                             Type                      Level
   a - Corona                         Hexes                        1
   b - Sure Blade                     Hexes/Charms                 2
   c - Ensorcelled Hibernation        Hexes/Ice                    2
   d - Confuse                        Hexes                        3
   e - Dazzling Spray                 Conjuration/Hexes            3
   f - Enslavement                    Hexes                        4
Comestibles
 d - 3 bread rations
 p - 4 fruits


   Skills:
 - Level 1.1 Short Blades
 - Level 3.0 Dodging
 - Level 4.4 Stealth
 + Level 6.7 Spellcasting
 + Level 7.2 Hexes


You had 12 spell levels left.
You knew the following spells:

 Your Spells              Type           Power        Failure   Level  Hunger
a - Corona                Hex            ####...      1%          1    None
b - Ensorcelled Hibernat  Hex/Ice        ###...       4%          2    None
c - Confuse               Hex            ####....     1%          3    ##.....


Dungeon Overview and Level Annotations

Branches:
Dungeon (4/15)
 Temple: D:4-7

Altars:
Ru
Vehumet


Innate Abilities, Weirdness & Mutations

You are tiny and cannot use many weapons and most armour.
You have supernaturally acute eyesight.
You are a herbivore.
You cover ground extremely quickly.
You need consume almost no food.


Message History

The troll laughs at nothing.
You hit the troll.
The troll is severely wounded.
The troll misses you. The troll claws you! The troll barely misses you.
You hit the troll but do no damage.
The troll is severely wounded.
You completely miss the troll.
The troll is severely wounded.
You catch the helpless troll completely off-guard!
You hit the troll!
The troll is almost dead.
You hit the troll but do no damage.
The troll is almost dead.
The troll shakes.
You hit the troll.
The troll is almost dead.
You hit the troll but do no damage.
The troll is almost dead.
The troll seems less confused.
The troll bites you!
You die...

........# ...>#.#...+
........# ....#.#...#
.........#+#....+.+...#
................#.#...#
................# ##+##
#..............(.# #...
#####...........+ +...
#...........#. #...
#.@T........#.##...
#....#'#....+......
#....+.#....#......
#....#.+....#......
#....#.#.<..#.##...
#....#.#....#+##...
#....#.#....+......
#....#'#....#.##...
#......'....#+##...


You could see a troll.

Vanquished Creatures
  The ghost of herpmino the Poker, an average MfSk (D:3)
  2 ogres
  Sigmund (D:2)
  2 orc priests (D:3)
  An orc wizard (D:3)
  A worker ant (D:4)
  2 adders
  A giant mite (D:2)
  3 oozes
  6 orcs (D:3)
  3 giant cockroaches
  7 hobgoblins
  5 jackals (D:2)
  4 quokkas
  A ball python (D:3)
  8 bats
  3 giant newts
  4 goblins
  8 kobolds
  4 rats
67 creatures vanquished.

Notes
Turn   | Place    | Note
--------------------------------------------------------------
     0 | D:1      | lorenzova, the Spriggan Enchanter, began the quest for the Orb.
     0 | D:1      | Reached XP level 1. HP: 9/9 MP: 4/4
   347 | D:1      | Reached XP level 2. HP: 2/13 MP: 6/8
  1100 | D:2      | Learned a level 2 spell: Ensorcelled Hibernation
  1113 | D:2      | Noticed Sigmund
  1119 | D:2      | Killed Sigmund
  1119 | D:2      | Reached skill level 5 in Hexes
  1119 | D:2      | Reached XP level 3. HP: 16/16 MP: 5/12
  1119 | D:2      | Reached XP level 4. HP: 21/21 MP: 6/15
  1740 | D:2      | Found a radiant altar of Vehumet.
  1834 | D:3      | Found a sacrificial altar of Ru.
  1840 | D:3      | Learned a level 3 spell: Confuse
  1873 | D:3      | Reached skill level 5 in Spellcasting
  1873 | D:3      | Reached XP level 5. HP: 24/24 MP: 17/19
  1956 | D:3      | Noticed herpmino's ghost (average MfSk)
  1975 | D:3      | Killed herpmino's ghost
  1975 | D:3      | Reached skill level 6 in Hexes
  2434 | D:3      | Noticed an ogre
  2442 | D:3      | Killed an ogre
  2442 | D:3      | Reached XP level 6. HP: 28/28 MP: 13/22
  3157 | D:4      | Reached skill level 7 in Hexes
  3218 | D:4      | Noticed a troll
  3256 | D:4      | Slain by a troll

Action                   |  1- 3 |  4- 6 || total
-------------------------+-------+-------++-------
Melee: Dagger            |    79 |   152 ||   231
 Cast: Corona            |     3 |       ||     3
       Ensorcelled Hiber |     1 |    20 ||    21
       Confuse           |       |     7 ||     7
  Use: Scroll            |       |     3 ||     3
 Stab: Sleeping          |     8 |    23 ||    31
       Confused          |       |     8 ||     8
